 Dungeon Crawl Stone Soup version 0.28.0-47-ge53b351184 (webtiles) character file.

Game seed: 17762933516017718522

392 bobregger the Cudgeller (level 6, -2/62 HPs)
             Began as an Ogre Berserker on Apr 26, 2022.
             Was a Priest of Trog.
             Slain by a gnoll
             ... wielding a +0 flail
              (9 damage)
             ... on level 3 of the Dungeon.
             The game lasted 00:05:16 (4887 turns).

bobregger the Cudgeller (Ogre Berserker)            Turns: 4887, Time: 00:05:17

Health: -2/62      AC:  3    Str: 22    XL:     6   Next: 80%
Magic:  6/6        EV: 10    Int:  8    God:    Trog [***...]
Gold:   163        SH:  0    Dex: 10    Spells: 5/5 levels left

rFire   . . .      SeeInvis +   o - +0 flail
rCold   . . .      Faith    .   (no shield)
rNeg    . . .      Spirit   .   b - +0 animal skin
rPois   .          Reflect  .   (helmet restricted)
rElec   .          Harm     .   (no cloak)
rCorr   .          Rampage  .   (gloves unavailable)
Will    ++...                   (boots unavailable)
Stlth   +.........              (no amulet)
HPRegen 1.20/turn               c - ring of see invisible
MPRegen 0.10/turn               (no ring)

@: strong-willed, on berserk cooldown, regenerating, slowed, very slow
A: large, unfitting armour, tough skin 1
a: Renounce Religion, Berserk, Trog's Hand


You were on level 3 of the Dungeon.
You worshipped Trog.
Trog was most pleased with you.
You visited 1 branch of the dungeon, and saw 4 of its levels.

You collected 163 gold pieces.

Inventory:

Hand Weapons
 o - a +0 flail (weapon)
Armour
 b - a +0 animal skin (worn)
Jewellery
 c - a ring of see invisible (left hand)
 l - an amulet of faith
Scrolls
 d - 2 scrolls of identify {unknown}
 f - a scroll of vulnerability {unknown}
 h - a scroll of amnesia {unknown}
 j - a scroll of summoning {unknown}
 m - a scroll of blinking {unknown}
 n - a scroll of immolation {unknown}
 t - a scroll of fog {unknown}
 u - 2 scrolls of teleportation {unknown}
Potions
 a - a potion of magic {unknown}
 e - 3 potions of mutation {unknown}
 g - a potion of brilliance {unknown}
 i - a potion of might {unknown}
 k - 3 potions of curing {unknown}
 p - a potion of attraction {unknown}
 q - 3 potions of heal wounds {unknown}
 r - a potion of degeneration {unknown}
 s - a potion of ambrosia {unknown}


   Skills:
 - Level 4.0 Fighting
 + Level 6.8 Maces & Flails
 - Level 2.6 Dodging


You had 5 spell levels left.
You didn't know any spells.
Your spell library was empty.

Dungeon Overview and Level Annotations

Branches:
Dungeon (4/15)
 Temple: D:4-7

Altars:
Elyvilon
Gozag
Kikubaaqudgha
Vehumet
Wu Jian
Xom
Yredelemnul
Zin

Annotations:
D:4 2 transporters, Soldner's ghost, novice HOFi


Innate Abilities, Weirdness & Mutations

You are too large for most types of armour.
You have tough skin. (AC +1)


Message History

You feel a strong urge to attack something.
A goblin comes into view. It is wielding a +0 club.
The gnoll hits you with a +0 flail!
You see here a scroll labelled JEENIE ZAG VUH.
You closely miss the gnoll.
An adder comes into view.
The gnoll barely misses you.
You hit the gnoll.
The gnoll is moderately wounded.
The hound bites you but does no damage.
You feel a strong urge to attack something.
The hound barely misses you.
Found a stone staircase leading up.
You are no longer berserk.
You are exhausted.
You feel yourself slow down. The hound closely misses you.
The hound barely misses you. The hound bites you. The hound bites you. x2
The gnoll misses you. The gnoll hits you with a +0 flail.
The hound pauses to sniff the ground.
There is a stone staircase leading up here.
The hound pauses to sniff the ground.
The gnoll hits you with a +0 flail!
* * * LOW HITPOINT WARNING * * *
The gnoll barely misses you.
You climb upwards.
There is a stone staircase leading down here.
You barely miss the gnoll.
The gnoll is lightly wounded.
The gnoll hits you with a +0 flail.
* * * LOW HITPOINT WARNING * * *
Your skin crawls.
You feel strong-willed. The gnoll hits you with a +0 flail!
* * * LOW HITPOINT WARNING * * *
The gnoll hits you with a +0 flail!
You die...

#### #... #.## # ###
#.# #####.### #.##
.#..>#..### #.#.
....###.#.## ########
#.#. ...## ##...##
#.g....# #†#.
....###.....####@####.#
#.#. )..#.#...........#
#.# #...
...##.#.#.######## #.#
###. ##.####.#.# #†# #.
........#.# #.# #.
###.#####+## ####.#####
#. ###.# ##...##
#........# ##.
.##.###.....##
#.##.###.#####..
.##.##.......## #..#.#
#.<......


You could see a gnoll.

Vanquished Creatures
  A necrophage (D:3)
  A wight (D:4)
  An orc priest (D:4)
  Terence (D:2)
  An orc wizard (D:4)
  4 gnolls (D:2)
  3 adders
  4 worms
  4 dart slugs
  4 orcs
  9 ball pythons
  12 endoplasms
  5 giant cockroaches
  7 goblins
  9 hobgoblins
  5 jackals
  8 kobolds
  2 quokkas (D:4)
  2 bats
  5 frilled lizards
  6 rats
94 creatures vanquished.

Vanquished Creatures (others)
  4 plants (D:2)
  13 withered plants (D:2)
17 creatures vanquished.

Grand Total: 111 creatures vanquished

Notes
Turn   | Place    | Note
-------+----------+-------------------------------------------
     0 | D:1      | bobregger the Ogre Berserker began the quest for the Orb.
     0 | D:1      | Reached XP level 1. HP: 24/24 MP: 1/1
    26 | D:1      | Reached skill level 3 in Maces & Flails
    33 | D:1      | Reached XP level 2. HP: 18/32 MP: 2/2
   640 | D:1      | Reached XP level 3. HP: 24/39 MP: 3/3
   987 | D:1      | Reached ** piety under Trog
  1335 | D:2      | Reached skill level 4 in Maces & Flails
  2175 | D:2      | Reached XP level 4. HP: 34/48 MP: 4/4
  2511 | D:2      | Found a faded altar of an unknown god.
  2890 | D:2      | Reached skill level 5 in Maces & Flails
  3024 | D:2      | Noticed Terence
  3029 | D:2      | Killed Terence
  3030 | D:2      | Reached XP level 5. HP: 54/54 MP: 5/5
  3218 | D:3      | Noticed a necrophage
  3228 | D:3      | Killed a necrophage
  3229 | D:3      | Reached XP level 6. HP: 62/62 MP: 6/6
  3315 | D:3      | Found an opulent altar of Gozag.
  3479 | D:3      | Reached skill level 6 in Maces & Flails
  3945 | D:3      | Found a basalt altar of Yredelemnul.
  3949 | D:3      | Found a radiant altar of Vehumet.
  3950 | D:3      | Found a shimmering altar of Xom.
  3953 | D:3      | Found a glowing silver altar of Zin.
  3954 | D:3      | Found an ornate altar of the Wu Jian Council.
  3955 | D:3      | Found a white marble altar of Elyvilon.
  3962 | D:3      | Found an ancient bone altar of Kikubaaqudgha.
  4631 | D:4      | Reached *** piety under Trog
  4809 | D:4      | Found a transporter.
  4810 | D:4      | Noticed Soldner's ghost (novice HOFi)
  4811 | D:4      | Found a transporter.
  4815 | D:4      | Identified the +3 dire flail of Qamuaph {vorpal, rN+ Str+5}
  4887 | D:3      | Slain by a gnoll

Illustrated notes

Levels and vault maps discovered:
D:1:      saegor_arrival_miasma, layout_loops_cross, minmay_misc_feat_alley
D:2:      layout_basic, shapermc_ecumenical_altar_flowoftime, uniq_terence
D:3:      layout_loops_corners, nicolae_overflow_hallway_of_the_gods,
          grunt_gozag_statues, corexii_item_surrounded_by_moat
D:4:      layout_loops_ring, gammafunk_ghost_smash, minmay_manual_mail

Skill      XL: |  1  2  3  4  5  6 |
---------------+-------------------+-----
Maces & Flails | 3 4 5 6 |  6.8
Fighting       | |  4.0
Dodging        | |  2.6

Action                   |  1- 3 |  4- 6 || total
-------------------------+-------+-------++-------
Melee: Mace              |   130 |    35 ||   165
       Punch             |     3 |     1 ||     4
       Flail             |       |   125 ||   125
Invok: Berserk           |     3 |     5 ||     8
       Trog's Hand       |       |     1 ||     1
 Stab: Sleeping          |       |     2 ||     2
Armor: Animal skin       |    37 |    41 ||    78
Dodge: Dodged            |    83 |   100 ||   183
